 Dungeon Crawl Stone Soup version 0.31-a0-331-geda263fcf1 (webtiles) character file.

Game seed: 8291228024121752192

1650012 shadowrider38 the Slayer (level 24, 227/244 (245) HPs)
             Began as a Minotaur Shapeshifter on July 19, 2023.
             Was the Champion of Okawaru.
             Escaped with the Orb
             ... and 3 runes on July 20, 2023!
             The game lasted 01:26:55 (65596 turns).

shadowrider38 the Slayer (Minotaur Shapeshifter)   Turns: 65596, Time: 01:26:56

HP:   227/244 (245) AC: 44    Str: 39    XL:     24   Next: 47%
MP:   28/28         EV: 18    Int:  9    God:    Okawaru [******]
Gold: 2475          SH: 37    Dex: 23    Spells: 23/23 levels left

rFire   + + .        a - +9 broad axe (spect)
rCold   + . .        A - +7 tower shield "Tam Cene" {god gift, Stlth+}
rNeg    . . .        m - +7 gold dragon scales
rPois   +            i - +0 mask of the Dragon {Will+ Slay+3 SInv}
rElec   .            d - +4 dragonskin cloak
rCorr   .            W - +2 pair of gloves {Str+3}
SInv    +            h - +2 pair of boots
Will    ++...        S - amulet of reflection Stlth
                     K - ring "Azxabbat" {Contam rPois rF+ Int+4 Dex+10}
HPRegen 0.60/turn    O - +6 ring of strength
MPRegen 0.21/turn

%: reflection
@: lightly drained
A: horns 2, retaliatory headbutt, low MP 1
0: Orb of Zot
}: 3/15 runes: barnacled, slimy, gossamer
a: Renounce Religion, Heroism, Finesse, Duel


You escaped.
You worshipped Okawaru.
Okawaru was exalted by your worship.
You visited 11 branches of the dungeon, and saw 52 of its levels.
You visited 1 bazaar.
You also visited: Ice Cave and Volcano.

You collected 6191 gold pieces.
You spent 3716 gold pieces at shops.

Inventory:

Hand Weapons
 a - a +9 spectral broad axe (weapon)
 b - the +2 broad axe "Meehepug" {heavy, rElec Will+ MP-9}
   (You found it on level 14 of the Dungeon)

   rElec:     It insulates you from electricity.
   MP:        It affects your magic capacity (-9).
   Will:      It increases your willpower.
Missiles
 t - 21 boomerangs (quivered) {god gift}
 x - 19 silver javelins {god gift}
 F - 7 curare-tipped darts
 Z - 7 throwing nets
Armour
 d - the +4 dragonskin cloak (worn)
   (You took it off Tiamat on level 3 of the Realm of Zot)

   Avatar's Aegis: It grants the wearer a chance to resist fire, cold, poison,
   electricity, acid, and negative energy.
 h - a +2 pair of boots (worn)
 i - the +0 mask of the Dragon (worn) {Will+ Slay+3 SInv}
   (You found it on level 1 of the Spider Nest)

   Slay:      It affects your accuracy & damage with ranged weapons and melee
   (+3).
   SInv:      It lets you see invisible.
   Will:      It increases your willpower.
 m - +7 gold dragon scales (worn)
 p - a +2 crystal plate armour {god gift}
 A - the +7 tower shield "Tam Cene" (worn) {god gift, Stlth+}
   (Okawaru gifted it to you on level 5 of the Realm of Zot)

   Stlth:     It makes you more stealthy.
 G - +0 storm dragon scales
 I - the +5 faerie dragon scales {Will+ rCorr HP+7}
   (You took it off the Enchantress on level 15 of the Dungeon)

   HP:        It affects your health (+7).
   rCorr:     It protects you from acid and corrosion.
   Will:      It increases your willpower.
 W - a +2 pair of gloves of strength (worn)
Jewellery
 f - a ring of protection from fire
 K - the ring "Azxabbat" (left hand) {Contam rPois rF+ Int+4 Dex+10}
   (You took it off a deep elf demonologist on level 3 of the Elven Halls)

   [ring of protection from fire]

   Int:       It affects your intelligence (+4).
   Dex:       It affects your dexterity (+10).
   rF:        It protects you from fire.
   rPois:     It protects you from poison.
   Contam:    It causes magical contamination when unequipped.
 L - the ring of the Sparrow {Fly rPois rC+ Dex+3}
   (You found it on level 1 of the Orcish Mines)

   [ring of poison resistance]

   Dex:       It affects your dexterity (+3).
   rC:        It protects you from cold.
   rPois:     It protects you from poison.
   Fly:       It grants you flight.
 O - a +6 ring of strength (right hand)
 S - an amulet of reflection (around neck)
 V - the ring of Alleill {rN+ Will+ Str+2 Int-2}
   (You found it on level 3 of the Elven Halls)

   [ring of positive energy]

   Str:       It affects your strength (+2).
   Int:       It affects your intelligence (-2).
   rN:        It protects you from negative energy.
   Will:      It increases your willpower.
Wands
 o - a wand of light (7)
 y - a wand of roots (22)
 D - a wand of digging (12)
 P - a wand of paralysis (53)
Scrolls
 c - 2 scrolls of silence {!r}
 k - 4 scrolls of fear
 r - 2 scrolls of revelation
 B - 6 scrolls of blinking
 C - 11 scrolls of fog
 J - 6 scrolls of poison
 M - 3 scrolls of immolation
 R - 17 scrolls of identify
 T - 9 scrolls of teleportation
 X - 4 scrolls of vulnerability
Potions
 e - 3 potions of berserk rage
 g - 4 potions of magic
 j - 10 potions of mutation
 l - 10 potions of ambrosia
 n - 3 potions of attraction
 q - 8 potions of heal wounds
 s - 7 potions of might
 u - 8 potions of lignification
 w - 6 potions of enlightenment
 z - 2 potions of cancellation
 E - 3 potions of invisibility
 H - 5 potions of haste
 N - 3 potions of resistance
 Q - 4 potions of curing
Miscellaneous
 U - a lightning rod (4/4)
 Y - a tin of tremorstones (2/2)


   Skills:
 + Level 25.9 Fighting
 - Level 20.9 Axes
 - Level 12.0 Throwing
 + Level 20.8 Armour
 + Level 15.6 Dodging
 + Level 22.4 Shields
 - Level 8.0 Unarmed Combat
 + Level 13.6 Invocations
 - Level 10.0 Evocations
 - Level 2.4 Shapeshifting


You had 23 spell levels left.
You didn't know any spells.
Your spell library contained the following spells:

 Spells                   Type           Power      Damage    Failure   Level
 Foxfire                  Conj/Fire      0%         2x1d4     96%         1
 Freeze                   Ice            0%         1d3       96%         1
 Kiss of Death            Conj/Necr      0%         2d5       96%         1
 Magic Dart               Conj           0%         1d3       96%         1
 Necrotise                Necr           0%         1d4       96%         1
 Sting                    Tmut/Pois      0%         1d3       96%         1
 Ensorcelled Hibernation  Hex/Ice        0%         N/A       99%         2
 Momentum Strike          Conj/Tloc      0%         3d8       99%         2
 Passwall                 Tmut/Erth      0%         N/A       99%         2
 Scorch                   Fire           0%         2d5       99%         2
 Sublimation of Blood     Necr           0%         N/A       99%         2
 Wereblood                Tmut           0%         N/A       99%         2
 Confusing Touch          Hex            0%         N/A       100%        3
 Dazzling Flash           Conj/Hex       0%         N/A       100%        3
 Frozen Ramparts          Ice            0%         1d1       100%        3
 Gell's Gravitas          Tloc           0%         N/A       100%        3
 Hailstorm                Conj/Ice       0%         3d3       100%        3
 Mephitic Cloud           Conj/Pois/Air  0%         N/A       100%        3
 Ozocubu's Armour         Ice            0%         N/A       100%        3
 Portal Projectile        Hex/Tloc       0%         N/A       100%        3
 Swiftness                Air            0%         N/A       100%        3
 Anguish                  Hex/Necr       0%         N/A       100%        4
 Cause Fear               Hex            0%         N/A       100%        4
 Dispel Undead            Necr           0%         3d6       100%        4
 Flame Wave               Conj/Fire      0%         2d4       100%        4
 Fulminant Prism          Conj/Hex       0%         3d5       100%        4
 Leda's Liquefaction      Hex/Erth       0%         N/A       100%        4
 Manifold Assault         Tloc           0%         N/A       100%        4
 Olgreb's Toxic Radiance  Pois           0%         N/A       100%        4
 Petrify                  Tmut/Erth      0%         N/A       100%        4
 Borgnjor's Vile Clutch   Necr/Erth      0%         N/A       100%        5
 Fireball                 Conj/Fire      0%         3d3       100%        5
 Irradiate                Conj/Tmut      0%         3d11      100%        5
 Lee's Rapid Deconstruct  Erth           0%         3d4*      100%        5
 Metabolic Englaciation   Hex/Ice        0%         N/A       100%        5
 Dispersal                Tloc           0%         N/A       100%        6
 Leda's Unmaking          Conj/Erth      0%         9d1       100%        6
 Plasma Beam              Fire/Air       0%         2x1d10    100%        6
 Starburst                Conj/Fire      0%         6d3       100%        6
 Orb of Destruction       Conj           0%         9d5       100%        7
 Ozocubu's Refrigeration  Ice            0%         4d7       100%        7
 Discord                  Hex            0%         N/A       100%        8
 Disjunction              Tloc           0%         N/A       100%        8
 Ignition                 Fire           0%         3d3       100%        8
 Lehudib's Crystal Spear  Conj/Erth      0%         10d2      100%        8
 Call Imp                 Summ           Unusable   N/A       N/A         2
 Call Canine Familiar     Summ           Unusable   N/A       N/A         3
 Summon Forest            Summ/Tloc      Unusable   N/A       N/A         5
 Simulacrum               Ice/Necr       Unusable   N/A       N/A         6
 Summon Cactus Giant      Summ           Unusable   N/A       N/A         6
 Spellforged Servitor     Conj/Summ      Unusable   N/A       N/A         7
 Summon Hydra             Summ           Unusable   N/A       N/A         7
 Dragon's Call            Summ           Unusable   N/A       N/A         9

Dungeon Overview and Level Annotations

Branches:
Dungeon (15/15)            Temple (1/1) D:7            Lair (5/5) D:8
 Shoals (4/4) Lair:2       Spider (4/4) Lair:2        Slime (5/5) Lair:4
    Orc (2/2) D:9             Elf (3/3) Orc:2        Vaults (4/5) D:14
  Crypt (0/3) Vaults:3     Depths (4/4) D:15            Zot (5/5) Depths:4
  IceCv (visited)         Volcano (visited)

Altars:
Ashenzari
Cheibriados
Dithmenos
Elyvilon
Fedhas
Gozag
Hepliaklqana
Kikubaaqudgha
Makhleb
Nemelex Xobeh
Okawaru
Qazlal
Ru
Sif Muna
Trog
Uskayaw
Vehumet
Wu Jian
Xom
Yredelemnul
Zin
The Shining One
Jiyva

Shops:
D:5 =   D:12 (   Orc:1 ?*   Orc:2 :?*[**:   Elf:1 *   Elf:3 !:   Shoals:1 [
Vaults:4 [

Portals:
Hell: Depths:1 Depths:2 Depths:3 Depths:4
Abyss: D:5 Depths:3
Pandemonium: Depths:2 Depths:3 Depths:4
Ziggurat: Depths:2
Trove: Vaults:1 (show slimy rune of Zot)

Annotations:
D:5 2 transporters, arthad's ghost, novice FoFi
D:10 2 runed translucent doors
Temple 2 transporters
Lair:3 1 runed translucent door, wormstring's ghost, journeyman FeSh
Elf:2 5 runed translucent doors


Innate Abilities, Weirdness & Mutations

You have a pair of horns on your head.
You reflexively headbutt those who attack you in melee.
Your magical capacity is low. (-10% MP)


Message History

Your +9 spectral broad axe hits the hellwing!!
The smoke demon roars!
Your +9 spectral broad axe hits the hellwing!!
You kill the hellwing!
Okawaru accepts your kill.
Your +9 spectral broad axe disappears.
The smoke demon gestures at you. Something smites you!
You block the hellwing's attack. x2
A cherub comes into view. It is wielding a +3 flail of flaming.
You slash the hellwing! You headbutt the hellwing!
The hellwing is almost dead.
You closely miss the smoke demon.
Your +9 spectral broad axe hits the hellwing!
You kill the hellwing!
Okawaru accepts your kill.
Your +9 spectral broad axe misses the smoke demon.
The smoke demon gestures at you.
The ball of steam hits you but does no damage.
The smoke demon gestures at you.
The sticky flame hits your +9 spectral broad axe.
Your +9 spectral broad axe resists.
Your +9 spectral broad axe disappears.
The cherub unwields a +3 flail of flaming.
It stops flaming.
The cherub wields a +0 shortbow.
The cherub shoots an arrow.
You block the arrow with an invisible shield... and reflect it back!
The arrow hits the cherub.
The smoke demon gestures at you. Something smites you!
The smoke demon gestures at you.
You block sticky flame... and reflect it back!
The sticky flame hits the smoke demon.
The smoke demon resists.
There is a stone staircase leading up here.
You climb upwards.
There is a stone staircase leading down here.
No target in view!
No target in view!
(D) Dungeon (T) Temple (L) Lair (A) Shoals (N) Spider Nest (M) Slime Pits (O) Orcish Mines (E) Elven Halls (V) Vaults (C) Crypt (U) Depths (H) Hell (Z) Zot
Where to? (Enter - D:1, ? - help)
What level of the Dungeon? (default 1, ? - help)
There is a stone staircase leading up here.
You climb upwards.
There is a stone staircase leading down here.
Unknown command.
There is an open door here.
There is a fountain of clear blue water here.
There is a staircase leading out of the dungeon here.
You have escaped!

..######.##......#.###.# .##
#......####.#.##..#
.#####.....###........## #######
.........#.###........## #......
)........#...#.........# #......
....#....#.#.........#.# #...)..
###......#.##..#'#..##.####.†....
##..####..####⌠####............
#..####8..++⌠@⌠++..8.###......
####........####⌠####.......#####
.....###...##..#+#..##....###
.###.###.#.#.........#....## .#
#.##..#....#............#
.###..........###..#.......#
.##..........###...#..)....###
..........#............(.....##
.............#.....#.......#..##


There were no monsters in sight!

Vanquished Creatures
  the Royal Jelly (Slime:5)
  Tiamat (Zot:3)
  8 dread liches
  3 ancient liches
  2 orbs of fire (Zot:5)
  3 Killer Klowns (Zot:5)
  A curse toe (Zot:4)
  4 golden dragons (Zot:5)
  the Enchantress (D:15)
  A Tzitzimitl (Zot:3)
  An electric golem (Zot:5)
  Arachne (Spider:3)
  5 tentacled monstrosities
  A Hell Sentinel (Zot:5)
  Rupert (D:15)
  4 quicksilver dragons
  21 Orb Guardians (Zot:5)
  2 deep elf blademasters (Elf:3)
  3 liches
  An Ice Fiend (IceCv)
  A titan (Shoals:4)
  A deep elf master archer (Elf:3)
  16 acid blobs
  6 death cobs
  An Executioner (D:15)
  2 shadow dragons
  Kirke (Lair:5)
  Aizul (Vaults:3)
  4 sphinxes
  5 storm dragons
  Donald (Elf:3)
  10 azure jellies
  2 draconian knights
  7 rockslimes
  4 fire giants
  A draconian monk (Depths:4)
  6 deep elf sorcerers
  4 frost giants
  Louise (D:15)
  4 ghost moths
  9 vault wardens
  A balrug (D:3)
  6 deep elf elementalists (Elf:3)
  A draconian shifter (Depths:4)
  6 emperor scorpions
  5 draconian scorchers
  2 draconian stormcallers
  4 orc warlords
  3 draconian annihilators
  2 reapers
  4 formless jellyfish
  The ghost of olddryhag the Fighter, a journeyman DsBe of Trog (Orc:1)
  6 broodmothers
  3 spriggan defenders (Depths:1)
  2 war gargoyles (Vaults:4)
  11 ironbound preservers
  10 very ugly things
  6 ironbound thunderhulks
  5 green draconians
  10 quicksilver oozes
  8 stone giants
  7 white draconians
  5 purple draconians
  10 deep elf demonologists
  A vampire knight (Depths:4)
  7 black draconians
  6 yellow draconians
  2 minotaurs (D:11)
  6 red draconians
  11 dire elephants
  7 spark wasps
  7 deep elf annihilators
  4 ettins
  3 deep elf death magi (Elf:3)
  9 merfolk impalers
  5 jiangshi
  A blizzard demon (Depths:1)
  5 merfolk javelineers
  8 deep elf high priests
  7 yaktaur captains
  8 entropy weavers
  4 fire dragons
  A rakshasa (Depths:1)
  An entropy weaver (shapeshifter) (D:15)
  7 ice dragons
  12 great orbs of eyes
  4 vault guards
  Harold (D:10)
  Erolcha (D:11)
  4 peacekeepers
  Fannar (D:10)
  4 hydras
  2 catoblepae
  A merfolk avatar (Shoals:3)
  5 spriggan air magi
  13 centaur warriors
  Erica (Lair:2)
  7 ironbound frosthearts
  2 radroaches
  5 boulder beetles
  18 dancing weapons
  5 merfolk aquamancers
  3 two-headed ogres
  An alligator snapping turtle (Shoals:1)
  3 jorogumos
  12 death yaks
  4 satyrs
  11 deep troll earth magi
  10 vampire magi
  8 deep troll shamans
  6 tengu warriors
  3 orc high priests (Orc:2)
  6 demonic crawlers
  2 hell hogs (Depths:4)
  4 spriggan berserkers
  7 hell knights
  11 deep elf knights
  A storm dragon zombie (Vaults:4)
  6 skysharks
  4 sun demons
  2 sun moths
  A sixfirhy (D:7)
  10 sea snakes
  2 pharaoh ants
  5 iron trolls
  3 glowing orange brains
  A shadow demon (Depths:3)
  10 orb spiders
  9 wizards
  47 deep trolls
  An orange crystal statue (Elf:1)
  A flayed ghost (Depths:4)
  6 steelbarb worms
  12 lindwurms
  7 spriggan simulacra (IceCv)
  A kraken simulacrum (Shoals:2)
  8 deep elf archers
  13 ironbound convokers
  A bog body (IceCv)
  6 orc knights
  A lindwurm (shapeshifter) (Depths:3)
  An obsidian statue (IceCv)
  12 harpies
  4 necromancers
  38 ugly things
  25 deep elf pyromancers
  21 deep elf zephyrmancers
  9 moths of wrath
  3 orc sorcerers
  A shining eye (Slime:4)
  4 cyclopes
  24 wolf spiders
  12 manticores
  A moth of wrath (shapeshifter) (D:15)
  36 fauns
  A shining eye (shapeshifter) (Vaults:1)
  22 elephants
  A water nymph (shapeshifter) (Depths:4)
  7 merfolk sirens
  3 black mambas
  2 human skeletons
  17 water nymphs
  A black mamba (shapeshifter) (Elf:1)
  3 rust devils
  Joseph (D:7)
  2 eyes of devastation (Slime:5)
  28 vault sentinels
  5 torpor snails
  2 ice statues (Depths:1)
  A cane toad (shapeshifter) (Elf:2)
  4 molten gargoyles (Elf:1)
  A gargoyle (D:11)
  A smoke demon (Depths:4)
  7 cane toads
  An unseen horror (D:10)
  2 rime drakes
  3 kobold demonologists (D:12)
  2 tormentors
  10 freezing wraiths
  35 yaktaurs
  4 ice devils (IceCv)
  An anaconda simulacrum (IceCv)
  11 komodo dragons
  A golden dragon simulacrum (IceCv)
  A yaktaur skeleton (Vaults:3)
  10 trolls
  19 merfolk
  5 tengu conjurers
  2 red devils (Depths:3)
  A queen bee (D:15)
  2 hellwings (D:3)
  13 meliai
  2 polar bears
  A tengu simulacrum (Vaults:4)
  Grinder (D:5)
  6 wind drakes
  7 hornets
  14 blink frogs
  2 saltlings (Vaults:2)
  2 dream sheep (Shoals:1)
  19 tarantellas
  59 slime creatures
  13 snapping turtles
  18 jumping spiders
  20 culicivoras
  7 spriggans (Depths:1)
  5 shadows
  10 air elementals
  An ettin skeleton (Vaults:3)
  48 yaks
  2 dire elephant simulacra (IceCv)
  23 water elementals
  3 wyverns
  5 wraiths
  7 fire elementals
  3 hogs (Lair:5)
  9 humans (D:14)
  Grum (D:8)
  5 basilisks
  A steam dragon (D:9)
  2 death yak simulacra (Shoals:2)
  A sea snake simulacrum (Shoals:2)
  3 alligator snapping turtle simulacra (Shoals:2)
  3 vampire mosquitoes
  9 minotaur simulacra (IceCv)
  46 redbacks
  Menkaure (D:7)
  A yaktaur simulacrum (Vaults:3)
  2 harpy simulacra (Shoals:2)
  4 acid dragons
  3 hell hounds (Volcano)
  Duvessa (D:5)
  9 water moccasins
  2 hydra simulacra (IceCv)
  27 orc warriors
  A sky beast (D:6)
  2 ice beasts
  3 black bears
  2 satyr simulacra (Shoals:2)
  An ettin simulacrum (IceCv)
  18 wolves
  4 centaurs
  8 ogres
  6 boggarts
  9 kobold brigands
  Blork the orc (D:5)
  9 bullfrogs
  A faun simulacrum (Shoals:2)
  2 earth elementals
  A scorpion (D:4)
  3 gnoll sergeants
  A merfolk simulacrum (Shoals:2)
  8 deep troll simulacra (IceCv)
  6 wights
  Dowan (D:5)
  3 manticore simulacra (Shoals:2)
  18 killer bees
  2 lindwurm simulacra (IceCv)
  2 troll zombies (D:9)
  6 howler monkeys
  3 snapping turtle simulacra (Shoals:2)
  10 electric eels
  A lava snake (Elf:1)
  15 jellies
  37 orc priests
  2 cyclops simulacra (Shoals:2)
  2 gnoll boudas
  3 hounds
  A sleepcap (D:6)
  7 iguanas
  36 orc wizards
  4 ogre zombies (D:9)
  A centaur simulacrum (Shoals:2)
  Robin (D:2)
  33 gnolls
  6 adders
  A shadow imp (D:6)
  A white imp (D:6)
  An ufetubus (D:4)
  A worm (D:3)
  2 dart slugs
  78 orcs
  8 ball pythons
  10 endoplasms
  4 giant cockroaches
  14 goblins
  13 hobgoblins
  6 jackals
  39 kobolds
  3 quokkas
  7 bats
  2 frilled lizards (D:3)
  4 goblin zombies (D:9)
  A hobgoblin skeleton (D:9)
  An orc skeleton (D:9)
  13 orc zombies (D:9)
  8 rats
  A fire vortex (Elf:1)
2044 creatures vanquished.

Vanquished Creatures (others)
  A deep elf annihilator (Elf:3)
  An orc high priest (Orc:2)
  A deep troll earth mage (Depths:2)
  An orb spider (Spider:4)
  A deep elf zephyrmancer (Elf:3)
  A manticore (Shoals:4)
  A kobold demonologist (D:13)
  A jumping spider (Spider:4)
  A culicivora (Spider:4)
  A human (D:14)
  A redback (Spider:3)
  An orc priest (Orc:2)
  4 orcs (Orc:2)
  A kobold (D:8)
  25 spectral weapons
42 creatures vanquished.

Grand Total: 2086 creatures vanquished

Notes
Turn   | Place    | Note
-------+----------+-------------------------------------------
     0 | D:1      | shadowrider38 the Minotaur Shapeshifter began the quest for
                  | the Orb.
     0 | D:1      | Reached XP level 1. HP: 18/18 MP: 0/0
    92 | D:1      | Reached XP level 2. HP: 25/25 MP: 1/1
   138 | D:1      | Reached skill level 3 in Unarmed Combat
   170 | D:1      | Reached skill level 3 in Fighting
   237 | D:1      | Reached XP level 3. HP: 31/31 MP: 2/2
   647 | D:2      | Identified the +0 robe of the Saviour {Contam rN+ Str+5}
   797 | D:2      | Noticed Robin
   817 | D:2      | Killed Robin
   818 | D:2      | Reached XP level 4. HP: 38/38 MP: 3/3
  1082 | D:3      | HP: 2/40 [iguana (10)]
  1087 | D:3      | Reached skill level 4 in Fighting
  1308 | D:3      | Reached XP level 5. HP: 43/46 MP: 4/4
  1599 | D:3      | Found a burning altar of Makhleb.
  2121 | D:4      | Reached XP level 6. HP: 49/53 MP: 5/5
  2206 | D:4      | Found a white marble altar of Elyvilon.
  2354 | D:4      | Reached skill level 5 in Fighting
  2463 | D:4      | Reached skill level 6 in Fighting
  2484 | D:4      | Found a sparkling altar of Nemelex Xobeh.
  2756 | D:5      | Entered Level 5 of the Dungeon
  2914 | D:5      | Found a transporter.
  3007 | D:5      | HP: 1/57 [ogre/+0 giant club (28)]
  3009 | D:5      | Reached skill level 3 in Armour
  3009 | D:5      | Reached XP level 7. HP: 1/63 MP: 6/6
  3313 | D:5      | Found a transporter.
  3366 | D:5      | Noticed Grinder
  3372 | D:5      | Killed Grinder
  3373 | D:5      | Reached skill level 7 in Fighting
  3516 | D:5      | Found Qoprogg's Jewellery Shoppe.
  3551 | D:5      | Noticed arthad's ghost (novice FoFi)
  3557 | D:5      | Noticed Duvessa
  3557 | D:5      | Noticed Dowan
  3563 | D:5      | Found a one-way gate to the infinite horrors of the Abyss.
  3607 | D:5      | Killed Duvessa
  3613 | D:5      | Killed Dowan
  3614 | D:5      | Reached skill level 8 in Fighting
  3919 | D:5      | Reached XP level 8. HP: 74/74 MP: 7/7
  4098 | D:5      | Noticed Blork the orc
  4111 | D:5      | Killed Blork the orc
  4306 | D:6      | Reached skill level 9 in Fighting
  4675 | D:6      | Reached skill level 10 in Fighting
  5065 | D:6      | Noticed a hornet
  5066 | D:6      | a hornet changed into a sky beast
  5072 | D:6      | Reached skill level 3 in Dodging
  5160 | D:6      | Reached XP level 9. HP: 86/86 MP: 8/8
  5204 | D:6      | Identified the +0 leather armour "Waruof" {rCorr Dex+2}
  5313 | D:6      | Found a bloodstained altar of Trog.
  5407 | D:4      | Became a worshipper of Elyvilon the Healer
  5856 | D:7      | Found a staircase to the Ecumenical Temple.
  5992 | Temple   | Found a transporter.
  5992 | Temple   | Found a transporter.
  5992 | Temple   | Found a transporter.
  5992 | Temple   | Found a transporter.
  5992 | Temple   | Entered the Ecumenical Temple
  6070 | D:7      | Noticed Joseph
  6092 | D:7      | Killed Joseph
  6093 | D:7      | Reached skill level 11 in Fighting
  6430 | D:7      | Noticed Menkaure
  6433 | D:7      | Killed Menkaure
  6689 | D:7      | Found an iron altar of Okawaru.
  6705 | D:7      | Found an ancient bone altar of Kikubaaqudgha.
  6884 | D:8      | Found an opulent altar of Gozag.
  6912 | D:8      | Found a blossoming altar of Fedhas.
  6937 | D:7      | Reached skill level 3 in Axes
  7176 | D:7      | Fell from the grace of Elyvilon
  7176 | D:7      | Became a worshipper of Warmaster Okawaru
  7331 | D:8      | Noticed Grum
  7340 | D:8      | Killed Grum
  7420 | D:8      | Reached * piety under Okawaru
  7421 | D:8      | Reached XP level 10. HP: 94/95 MP: 9/9
  7608 | D:8      | You fall into a shaft and drop 3 floors!
  7908 | D:11     | Reached ** piety under Okawaru
  7909 | D:11     | Reached skill level 9 in Axes
  8069 | D:11     | Noticed a white ugly thing
  8078 | D:11     | Killed a white ugly thing
  8084 | D:11     | Noticed a gargoyle
  8094 | D:11     | Killed a gargoyle
  8102 | D:11     | Noticed a cyclops
  8112 | D:10     | Entered Level 10 of the Dungeon
  8290 | D:9      | Noticed a two-headed ogre
  8303 | D:9      | Killed a two-headed ogre
  8349 | D:9      | Noticed a two-headed ogre
  8419 | D:9      | Killed a two-headed ogre
  8667 | D:9      | Reached *** piety under Okawaru
  8703 | D:8      | Found a staircase to the Lair.
  9470 | D:8      | Reached XP level 11. HP: 87/102 MP: 10/10
 10057 | D:9      | Found a staircase to the Orcish Mines.
 10620 | D:9      | Noticed Maggie
 10624 | D:9      | Maggie changed into Maggie the steam dragon
 10624 | D:9      | Noticed Maggie
 10626 | D:9      | Killed Maggie the steam dragon
 11179 | D:10     | Found a stormy altar of Qazlal.
 11716 | D:10     | Reached **** piety under Okawaru
 11741 | D:10     | Found a runed translucent door.
 11743 | D:10     | Found a runed translucent door.
 11769 | D:10     | Noticed Fannar
 11792 | D:10     | Killed Fannar
 11810 | D:10     | Noticed Harold
 11825 | D:10     | Killed Harold
 11826 | D:10     | Reached skill level 15 in Axes
 12084 | D:10     | Identified the +3 ring mail of Gink {rElec rF++ Dex-2
                  | Stlth+}
 12409 | D:11     | Noticed a death yak
 12418 | D:11     | Reached ***** piety under Okawaru
 12431 | D:11     | Reached skill level 12 in Fighting
 12541 | D:11     | Noticed Erolcha
 12548 | D:11     | Killed Erolcha
 12612 | D:11     | Received a gift from Okawaru
 12631 | D:11     | Reached XP level 12. HP: 60/112 MP: 11/11
 13105 | D:11     | Noticed a death yak
 13106 | D:11     | Noticed a death yak
 13235 | D:11     | Noticed a minotaur
 13236 | D:11     | Noticed a minotaur
 13240 | D:11     | Identified the ring "Busel" {Dex+3 SInv Stlth+}
 13257 | D:11     | Killed a minotaur
 13271 | D:11     | Killed a minotaur
 13289 | D:11     | Killed a death yak
 13651 | D:11     | Killed a death yak
 13766 | D:11     | Noticed a death yak
 13779 | D:11     | Identified the +1 robe "Jiqaps" {god gift, Will++} (Okawaru
                  | gifted it to you on level 11 of the Dungeon)
 13779 | D:11     | Received a gift from Okawaru
 13784 | D:11     | Killed a death yak
 13788 | D:11     | Killed a death yak
 14070 | D:11     | Found a shimmering altar of Xom.
 14070 | D:11     | Found a shimmering altar of Xom.
 14070 | D:11     | Found a shimmering altar of Xom.
 14071 | D:11     | Found a shimmering altar of Xom.
 14304 | Lair:1   | Entered Level 1 of the Lair of Beasts
 14315 | Lair:1   | Reached skill level 13 in Fighting
 15033 | Lair:1   | Reached skill level 14 in Fighting
 15786 | Lair:2   | Found a dark tunnel.
 15804 | Volcano  | Entered a volcano
 15920 | Volcano  | Reached XP level 13. HP: 112/125 MP: 12/12
 15985 | Volcano  | Reached skill level 15 in Fighting
 15989 | Volcano  | Reached skill level 3 in Throwing
 16063 | Volcano  | Received a gift from Okawaru
 16276 | Lair:2   | Noticed Erica
 16286 | Lair:2   | Killed Erica
 16463 | Lair:2   | Found a hole to the Spider Nest.
 16763 | Lair:2   | Found an ornate altar of the Wu Jian Council.
 17246 | Lair:2   | Found a staircase to the Shoals.
 17596 | Lair:3   | Received a gift from Okawaru
 17618 | Lair:3   | Found a runed translucent door.
 17620 | Lair:3   | Noticed wormstring's ghost (journeyman FeSh)
 18145 | Lair:4   | Identified the +1 hat "Vusaenuk" {god gift, MP+9 Int+4}
                  | (Okawaru gifted it to you on level 4 of the Lair of Beasts)
 18145 | Lair:4   | Received a gift from Okawaru
 18700 | Lair:4   | Identified the +0 helmet of Rationality {rN+ Str+3 Int-2
                  | Dex+5}
 18823 | Lair:4   | Found a staircase to the Slime Pits.
 18861 | Lair:4   | Found a viscous altar of Jiyva.
 19260 | Lair:5   | Entered Level 5 of the Lair of Beasts
 19268 | Lair:5   | Reached ****** piety under Okawaru
 19277 | Lair:5   | Reached skill level 16 in Fighting
 19751 | Lair:5   | Reached XP level 14. HP: 125/138 MP: 13/13
 19755 | Lair:5   | Received a gift from Okawaru
 19993 | Lair:5   | Reached skill level 17 in Fighting
 20162 | Lair:5   | Reached skill level 3 in Invocations
 20357 | Lair:5   | Received a gift from Okawaru
 21093 | Lair:5   | Reached skill level 18 in Fighting
 21469 | Lair:5   | Received a gift from Okawaru
 21583 | Lair:5   | Noticed Kirke
 21593 | Lair:5   | Killed Kirke
 22071 | Orc:1    | Entered Level 1 of the Orcish Mines
 22071 | Orc:1    | Found Haisilig's Humungous Hoard.
 22092 | Orc:1    | Noticed Sonja
 22093 | Orc:1    | Sonja changed into Sonja the meliai
 22093 | Orc:1    | Noticed Sonja
 22099 | Orc:1    | Killed Sonja the meliai
 22125 | Orc:1    | Bought a potion of haste for 110 gold pieces
 22125 | Orc:1    | Bought a potion of heal wounds for 55 gold pieces
 22168 | Orc:1    | Received a gift from Okawaru
 22503 | Orc:1    | Found Ehumun's Magic Scroll Boutique.
 22506 | Orc:1    | Bought a scroll of fear for 60 gold pieces
 22506 | Orc:1    | Bought a scroll of enchant armour for 112 gold pieces
 22506 | Orc:1    | Bought a scroll of enchant armour for 112 gold pieces
 22506 | Orc:1    | Bought a scroll of poison for 60 gold pieces
 22538 | Orc:2    | Entered Level 2 of the Orcish Mines
 22538 | Orc:2    | Found a staircase to the Elven Halls.
 22601 | Orc:2    | Found Hagedak's Book Boutique.
 22606 | Orc:2    | Noticed an orc warlord
 22610 | Orc:2    | Killed an orc warlord
 22714 | Orc:2    | Noticed an orc warlord
 22730 | Orc:2    | Killed an orc warlord
 23009 | Orc:2    | Found Dysosuott's General Store.
 23014 | Orc:2    | Bought a scroll of teleportation for 48 gold pieces
 23014 | Orc:2    | Bought 2 scrolls of blinking for 240 gold pieces
 23030 | Orc:2    | Found a flickering gateway to a bazaar.
 23037 | Orc:2    | Found Osuwk's Book Emporium.
 23039 | Bazaar   | Entered a bazaar
 23164 | Bazaar   | Found Feff's Book Emporium.
 23171 | Bazaar   | Found Ojofora's Assorted Antiques.
 23178 | Bazaar   | Found Liyrobra's Assorted Antiques.
 23186 | Bazaar   | Bought a potion of curing for 54 gold pieces
 23186 | Bazaar   | Bought a potion of resistance for 180 gold pieces
 23195 | Bazaar   | Found Gami's General Store.
 23203 | Bazaar   | Bought a potion of curing for 54 gold pieces
 23223 | Bazaar   | Bought a scroll of enchant weapon for 165 gold pieces
 23223 | Bazaar   | Bought a potion of curing for 66 gold pieces
 23223 | Bazaar   | Bought a worn gold wand for 88 gold pieces
 23250 | Bazaar   | Bought a scroll of revelation for 135 gold pieces
 23680 | Orc:2    | Identified the +9 plate armour "Lafimm" {god gift, rN++}
                  | (Okawaru gifted it to you on level 2 of the Orcish Mines)
 23680 | Orc:2    | Received a gift from Okawaru
 23689 | Orc:2    | Reached XP level 15. HP: 89/149 MP: 20/20
 23979 | Orc:2    | Found Dew Anor's Antique Armour Shop.
 23979 | Orc:2    | Found Plog's Assorted Antiques.
 23980 | Orc:2    | Found Akozourun's General Store.
 23984 | Orc:2    | Found Koechathro's Magic Scroll Boutique.
 24004 | Orc:2    | Bought a scroll of teleportation for 114 gold pieces
 24004 | Orc:2    | Bought a scroll of teleportation for 114 gold pieces
 24006 | Orc:2    | Bought a scroll of blinking for 90 gold pieces
 24454 | Orc:1    | Found a runed translucent door.
 24489 | Orc:1    | Noticed olddryhag's ghost (journeyman DsBe)
 24538 | Orc:1    | Killed olddryhag's ghost
 24542 | Orc:1    | Identified the ring of the Sparrow {Fly rPois rC+ Dex+3}
 24629 | D:12     | Found Nudubias's Weapon Shop.
 24968 | D:12     | Identified the +5 morningstar of the Inquisitive Tales
                  | {vamp, rC+ rN+ Stlth+}
 27122 | D:14     | Got Liffusuk's Compilation of Scintillating Calefaction
 27160 | D:14     | Received a gift from Okawaru
 27165 | D:14     | Found a gate to the Vaults.
 27243 | D:14     | Identified the +2 broad axe "Meehepug" {heavy, rElec Will+
                  | MP-9}
 27681 | D:14     | Found a shadowy altar of Dithmenos.
 27794 | D:14     | Reached skill level 9 in Armour
 27938 | D:14     | Reached skill level 3 in Shields
 28469 | D:15     | Entered Level 15 of the Dungeon
 29273 | D:15     | Found a staircase to the Depths.
 29347 | D:15     | Received a gift from Okawaru
 29986 | D:15     | Noticed Rupert
 29995 | D:15     | Killed Rupert
 29995 | D:15     | Received a gift from Okawaru
 30025 | D:15     | Noticed Louise
 30045 | D:15     | Killed Louise
 30390 | Shoals:1 | Entered Level 1 of the Shoals
 30631 | Orc:2    | Bought a scroll of enchant weapon for 82 gold pieces
 30632 | Orc:2    | Bought a potion of might for 152 gold pieces
 30632 | Orc:2    | Bought a pair of embroidered gloves for 285 gold pieces
 30905 | Shoals:1 | Reached XP level 16. HP: 147/157 MP: 21/21
 31317 | Shoals:1 | Found Teyx's Armour Shop.
 31324 | Shoals:1 | Reached skill level 9 in Shields
 32156 | Shoals:2 | Found a frozen archway.
 32255 | IceCv    | Entered an ice cave
 32411 | IceCv    | Received a gift from Okawaru
 32530 | IceCv    | Noticed an Ice Fiend
 32548 | IceCv    | Killed an Ice Fiend
 33274 | Shoals:2 | Found a runed translucent gate.
 33280 | Shoals:2 | Received a gift from Okawaru
 33286 | Shoals:2 | Found a runed translucent gate.
 33286 | Shoals:2 | Found a runed translucent gate.
 34163 | Shoals:2 | Identified the staff "Xutaatoy" {Int+4 SInv Conj}
 34311 | Shoals:3 | Identified the +7 war axe "Tormentor" {god gift, vamp,
                  | +Blink rPois Str+3 Dex-3} (Okawaru gifted it to you on
                  | level 3 of the Shoals)
 34311 | Shoals:3 | Received a gift from Okawaru
 34676 | Shoals:3 | Reached skill level 9 in Throwing
 35135 | Shoals:3 | Reached XP level 17. HP: 163/163 MP: 22/22
 35577 | Spider:1 | Entered Level 1 of the Spider Nest
 35595 | Spider:1 | Found the +0 mask of the Dragon {Will+ Slay+3 SInv}
 36305 | Spider:1 | Received a gift from Okawaru
 36646 | Spider:2 | Received a gift from Okawaru
 37474 | Spider:2 | You are sucked into a shaft and drop 1 floor!
 38175 | Spider:3 | Noticed Arachne
 38190 | Spider:3 | Killed Arachne
 38871 | Spider:4 | Entered Level 4 of the Spider Nest
 39581 | Spider:4 | Received a gift from Okawaru
 39656 | Spider:4 | Reached skill level 15 in Armour
 39656 | Spider:4 | Reached skill level 15 in Shields
 39658 | Spider:4 | Identified the +0 ring mail of Pathos {god gift, -Tele
                  | rPois Dex+7} (Okawaru gifted it to you on level 4 of the
                  | Spider Nest)
 39658 | Spider:4 | Received a gift from Okawaru
 39801 | Spider:4 | Reached XP level 18. HP: 133/172 MP: 0/23
 40725 | Spider:4 | Got a gossamer rune of Zot
 41046 | Shoals:4 | Entered Level 4 of the Shoals
 41046 | Shoals:4 | Found a stormy altar of Qazlal.
 41415 | Shoals:4 | Identified the +6 hand axe "Iquyntee" {freeze, rC++}
 41434 | Shoals:4 | Reached skill level 19 in Fighting
 41690 | Shoals:4 | Found the +12 glaive of Prune {freeze, Prune}
 41704 | Shoals:4 | Identified the +3 spear "Faodyeh" {freeze, rN++ Stlth-}
 41707 | Shoals:4 | Got a barnacled rune of Zot
 41774 | Shoals:4 | Paralysed by an air elemental for 1 turns
 41791 | Shoals:4 | Received a gift from Okawaru
 41862 | Shoals:4 | Paralysed by an air elemental for 1 turns
 41965 | Shoals:4 | Paralysed by an air elemental for 1 turns
 41991 | Shoals:4 | Paralysed by an air elemental for 1 turns
 41995 | Shoals:4 | Paralysed by an air elemental for 1 turns
 42000 | Shoals:4 | Paralysed by an air elemental for 1 turns
 42002 | Shoals:4 | Received a gift from Okawaru
 42027 | Shoals:4 | Paralysed by an air elemental for 1 turns
 42417 | Shoals:4 | Paralysed by an air elemental for 1 turns
 42420 | Shoals:4 | Received a gift from Okawaru
 42422 | Shoals:4 | Paralysed by an air elemental for 1 turns
 42996 | Elf:1    | Entered Level 1 of the Elven Halls
 43017 | Elf:1    | Paralysed by an air elemental for 1 turns
 43020 | Elf:1    | Received a gift from Okawaru
 43035 | Elf:1    | Reached skill level 20 in Fighting
 43149 | Elf:1    | Received a gift from Okawaru
 43651 | Elf:1    | Found Piorabeh's Assorted Antiques.
 43658 | Elf:1    | Bought a scroll labelled XAEVVAH RIAXEU for 33 gold pieces
 43766 | Elf:1    | Reached XP level 19. HP: 176/187 MP: 24/24
 44460 | Elf:2    | Received a gift from Okawaru
 44492 | Elf:2    | Found a huge runed translucent gate.
 44492 | Elf:2    | Found a huge runed translucent gate.
 44492 | Elf:2    | Found a huge runed translucent gate.
 44492 | Elf:2    | Found a huge runed translucent gate.
 44493 | Elf:2    | Found a huge runed translucent gate.
 44654 | Elf:3    | Entered Level 3 of the Elven Halls
 44679 | Elf:3    | Found Obozusepu's Distillery.
 44762 | Elf:3    | Noticed Donald
 44770 | Elf:3    | Killed Donald
 44770 | Elf:3    | Identified the +0 kite shield of Pessimism {god gift, rC+
                  | Slay+3} (Okawaru gifted it to you on level 3 of the Elven
                  | Halls)
 44770 | Elf:3    | Received a gift from Okawaru
 45184 | Elf:3    | Found Kaiwuf's Tiny Tomes.
 45224 | Elf:3    | Reached skill level 3 in Evocations
 45226 | Elf:3    | Reached skill level 21 in Fighting
 45235 | Elf:3    | Reached skill level 9 in Invocations
 45236 | Elf:3    | Paralysed by an air elemental for 1 turns
 46099 | Elf:3    | Identified the ring "Azxabbat" {Contam rPois rF+ Int+4
                  | Dex+10}
 46194 | Elf:3    | Identified the ring of Alleill {rN+ Will+ Str+2 Int-2}
 46521 | Elf:3    | Identified the +2 helmet of Sloth {rF+ Int+3}
 46532 | Elf:3    | Identified the staff "Ogre's Doom" {Air Earth}
 46611 | Elf:3    | Identified the +1 scale mail of the Endless Expanse {Fly
                  | rC- Int+5}
 46993 | Vaults:1 | Entered Level 1 of the Vaults
 47067 | Vaults:1 | Identified the +2 pair of boots of Noon {god gift, Harm
                  | *Corrode rPois Int+3} (Okawaru gifted it to you on level 1
                  | of the Vaults)
 47067 | Vaults:1 | Received a gift from Okawaru
 47262 | Vaults:1 | Identified the +6 broad axe of Honour {flame, rPois Int+3
                  | SInv}
 47336 | Vaults:1 | Reached skill level 9 in Evocations
 47344 | Vaults:1 | Reached XP level 20. HP: 153/198 MP: 17/26
 47727 | Vaults:1 | Found a portal to a secret trove of treasure.
 48891 | Vaults:2 | Received a gift from Okawaru
 48892 | Vaults:2 | Reached skill level 9 in Dodging
 49055 | Vaults:2 | Found a crumbling gateway.
 49062 | Vaults:2 | Identified the +0 robe of the End {god gift, Slay+2}
                  | (Okawaru gifted it to you on level 2 of the Vaults)
 49062 | Vaults:2 | Received a gift from Okawaru
 50412 | Vaults:3 | Found a staircase to the Crypt.
 50412 | Vaults:3 | Found an ancient bone altar of Kikubaaqudgha.
 50413 | Vaults:3 | Found a basalt altar of Yredelemnul.
 50419 | Vaults:3 | Noticed Aizul
 50422 | Vaults:3 | Received a gift from Okawaru
 50427 | Vaults:3 | Killed Aizul
 50480 | Vaults:3 | Reached XP level 21. HP: 114/205 MP: 11/27
 51241 | Vaults:4 | Identified the +7 long sword "Pitiquocs" {spect, Int+3}
 51462 | Vaults:4 | Received a gift from Okawaru
 51649 | Vaults:4 | Identified the +12 arbalest of the Sun {freeze, rElec rF-
                  | rN+ Str+6}
 51653 | Vaults:4 | Identified the +4 arbalest "Holoaqav" {freeze, Fly rC+}
 51775 | Vaults:4 | Identified the +10 plate armour "Mumeruz" {god gift, rC-
                  | Str+4 Int+3} (Okawaru gifted it to you on level 4 of the
                  | Vaults)
 51775 | Vaults:4 | Received a gift from Okawaru
 51888 | Vaults:4 | Found Kirim's Armour Emporium.
 51898 | Vaults:4 | Reached skill level 22 in Fighting
 52399 | Orc:2    | Bought a scroll of fog for 48 gold pieces
 52399 | Orc:2    | Bought a scroll of brand weapon for 114 gold pieces
 52399 | Orc:2    | Bought a scroll of brand weapon for 114 gold pieces
 52454 | Orc:2    | Bought a potion of resistance for 110 gold pieces
 52454 | Orc:2    | Bought 3 scrolls of enchant armour for 247 gold pieces
 52563 | Elf:3    | Bought a potion of curing for 57 gold pieces
 52563 | Elf:3    | Bought a potion of magic for 152 gold pieces
 52563 | Elf:3    | Bought a potion of mutation for 152 gold pieces
 52609 | Elf:1    | Bought a spiked chain mail for 313 gold pieces
 52609 | Elf:1    | Identified the +9 chain mail "Xuoloej" {Drain Dex+4} (You
                  | bought it in a shop on level 1 of the Elven Halls)
 52849 | Depths:1 | Entered Level 1 of the Depths
 52849 | Depths:1 | Noticed the Enchantress
 52861 | D:15     | Killed the Enchantress
 53549 | Depths:1 | Found a gateway to Hell.
 54115 | Depths:1 | You fall into a shaft and drop 1 floor!
 54500 | Depths:2 | Found a one-way gateway to a ziggurat.
 54661 | Depths:2 | Received a gift from Okawaru
 54703 | Depths:2 | Reached skill level 23 in Fighting
 54848 | Depths:2 | Found a shimmering blue altar of Sif Muna.
 54868 | Depths:2 | Noticed a dread lich
 54871 | Depths:2 | Noticed an ancient lich
 54874 | Depths:2 | Killed a dread lich
 54874 | Depths:2 | Identified the +0 pair of gloves "Ceimeol" {god gift, rF-
                  | rN+ Int+3} (Okawaru gifted it to you on level 2 of the
                  | Depths)
 54874 | Depths:2 | Received a gift from Okawaru
 54878 | Depths:2 | Killed an ancient lich
 54983 | Depths:2 | Got the Folio of the Bewitching Impact
 54985 | Depths:2 | Got the Tome of the Crevasse and Elsewhere
 55002 | Depths:2 | Got Maedegh's Catalogue of the Caves
 55004 | Depths:2 | Got Sif Muna's Volume of Transmutation and the Cemetery
 55277 | Depths:2 | Got Lee's Textbook on Scree
 55326 | Depths:2 | Reached XP level 22. HP: 217/220 MP: 28/28
 55518 | Depths:2 | Identified the +5 arbalest "Saseutwa" {penet, rPois Dex+4
                  | SInv}
 55567 | Depths:2 | Found a one-way gate leading to the halls of Pandemonium.
 55977 | Depths:3 | Reached skill level 24 in Fighting
 56908 | Depths:4 | Entered Level 4 of the Depths
 57246 | Depths:4 | Received a gift from Okawaru
 57814 | Depths:4 | Received a gift from Okawaru
 58237 | Depths:4 | Found a gate to the Realm of Zot.
 59273 | Slime:1  | Entered Level 1 of the Pits of Slime
 59352 | Slime:4  | Gained mutation: Your magical capacity is low. (-10% MP) [a
                  | shining eye]
 59526 | Slime:5  | Entered Level 5 of the Pits of Slime
 59619 | Slime:5  | Received a gift from Okawaru
 59625 | Slime:5  | Noticed the Royal Jelly
 59635 | Slime:5  | Killed the Royal Jelly
 59642 | Slime:5  | Received a gift from Okawaru
 59976 | Slime:5  | Reached XP level 23. HP: 232/232 MP: 27/27
 60367 | Slime:5  | Identified the +7 trident "Icyfrety" {drain, rElec Str+2
                  | Int-2}
 60373 | Slime:5  | Identified the +8 ice dragon scales of Xenkecs {rF- rC++
                  | Int+4}
 60375 | Slime:5  | Identified the ring "Pabeag" {Will+ SInv}
 60376 | Slime:5  | Identified the +0 plate armour of Quick Freedom {-Tele
                  | *Corrode Fly Slay+4}
 60436 | Slime:5  | Received a gift from Okawaru
 60512 | Slime:5  | Got a slimy rune of Zot
 61884 | Zot:1    | Entered Level 1 of the Realm of Zot
 61922 | Zot:1    | Reached skill level 21 in Shields
 61934 | Zot:1    | Received a gift from Okawaru
 62744 | Zot:3    | Found the +4 dragonskin cloak
 62744 | Zot:3    | Noticed Tiamat
 62766 | Zot:3    | Killed Tiamat
 62766 | Zot:3    | Received a gift from Okawaru
 62775 | Zot:3    | Reached skill level 25 in Fighting
 63214 | Zot:4    | Noticed a curse toe
 63222 | Zot:4    | Killed a curse toe
 63242 | Zot:5    | Entered Level 5 of the Realm of Zot
 63611 | Zot:5    | Received a gift from Okawaru
 63684 | Zot:5    | Noticed a dread lich
 63763 | Zot:5    | Killed a dread lich
 63778 | Zot:5    | Noticed a dread lich
 63851 | Zot:5    | Noticed an ancient lich
 63858 | Zot:5    | Killed an ancient lich
 63873 | Zot:5    | Noticed a Killer Klown
 64118 | Zot:5    | Killed a Killer Klown
 64313 | Zot:5    | Noticed a dread lich
 64322 | Zot:5    | Killed a dread lich
 64323 | Zot:5    | Noticed an orb of fire
 64341 | Zot:5    | Killed an orb of fire
 64364 | Zot:5    | Noticed a dread lich
 64365 | Zot:5    | Noticed an ancient lich
 64370 | Zot:5    | Killed a dread lich
 64374 | Zot:5    | Noticed a Killer Klown
 64376 | Zot:5    | Noticed an orb of fire
 64377 | Zot:5    | Killed an ancient lich
 64383 | Zot:5    | Killed an orb of fire
 64384 | Zot:5    | Noticed a dread lich
 64385 | Zot:5    | Identified the +7 tower shield "Tam Cene" {god gift,
                  | Stlth+} (Okawaru gifted it to you on level 5 of the Realm
                  | of Zot)
 64385 | Zot:5    | Received a gift from Okawaru
 64386 | Zot:5    | Reached XP level 24. HP: 201/243 MP: 28/28
 64386 | Zot:5    | Noticed a dread lich
 64396 | Zot:5    | Killed a dread lich
 64397 | Zot:5    | Reached skill level 15 in Dodging
 64403 | Zot:5    | Killed a dread lich
 64719 | Zot:5    | Noticed a Killer Klown
 64728 | Zot:5    | Killed a Killer Klown
 64769 | Zot:5    | Noticed a dread lich
 64776 | Zot:5    | Killed a dread lich
 64896 | Zot:5    | Got the Orb of Zot
 64938 | Zot:5    | Killed a dread lich
 64961 | Zot:5    | Killed a Killer Klown
 65533 | D:3      | Received a gift from Okawaru
 65596 | D:$      | Escaped with the Orb!

Illustrated notes

Levels and vault maps discovered:
D:1:      grunt_arrival_crossed_arrows, layout_rooms, minmay_split_cup_large
D:2:      layout_rooms, uniq_robin
D:3:      minmay_recursive_quarters, layout_basic, mainiacjoe_overflow_alcove_2
D:4:      layout_basic, mainiacjoe_overflow_six_doors_small,
          nemelex_spade_bored_becter
D:5:      layout_cave_pods, gammafunk_ghost_abyssal_escape, serial_shops, shop,
          uniq_blork_the_orc, uniq_grinder, uniq_duvessa
D:6:      layout_cave_pools, kennysheep_mini, small_statue_intersection
D:7:      layout_basic, mainiacjoe_overflow_swirl, minmay_temple_entry_waves,
          uniq_joseph, uniq_menkaure
D:8:      layout_basic, grunt_temple_overflow_open, dpeg_oklobed_lair,
          kennysheep_boxes, uniq_grum
D:9:      layout_loops_ring, zombieorc1_lemuel, roderic_serpentine_path,
          uniq_maggie
D:10:     lemuel_insect_pit, layout_rooms, nicolae_qazlal_eye_of_the_storm,
          uniq_fannar, uniq_harold
D:11:     fort_yaktaur, layout_cave_pools, xom_shifter_show, uniq_erolcha
D:12:     layout_basic, serial_shops, shop, kennysheep_potato
D:13:     layout_layer_cave, lemuel_nasty_fountain
D:14:     layout_basic, ximxim_vaults_locker_room, grunt_dithmenos_smoke
D:15:     gammafunk_enter_depths_forms, layout_cave_pods, special_room
          [special_room_bee], serial_bayou_pond_e, minmay_misc_feat_alley,
          hangedman_abyss_or_decor_passed, uniq_rupert, uniq_louise
Temple:   hellmonk_temple_divided_pantheon
Lair:1:   layout_regular_city, beast_lair_carwin_1, infiniplex_staircase_pool_2
Lair:2:   layout_hall_layers, elwin_shoals_entry_rooms,
          nicolae_spider_entry_orb_guardian, nicolae_volcano_entry_lava_flow,
          basic_altar, infiniplex_staircase_pool, uniq_erica
Lair:3:   layout_roguey, ebering_ghost_inner_flame, st_stairs_6
Lair:4:   layout_loops_ring, minmay_slime_entry_jelly_boxes
Lair:5:   grunt_lair_end_beastmaster, layout_regular_city, grunt_megastairs_5,
          uniq_kirke
Shoals:1: layout_shoals, serial_shops, nicolae_shop_tiny_statue_garden
Shoals:2: layout_shoals, portal_ice_cave_entry_pillars_four,
          nicolae_shoals_beach_cooler
Shoals:3: layout_shoals, nicolae_shoals_nautilus_by_nature
Shoals:4: shoals_end_hellmonk_storm_palace [storm_palace_center_square,
          storm_palace_corner_blocked, storm_palace_corner_narrow,
          storm_palace_corner_pillars, storm_palace_corner_altar]
Spider:1: layout_spider_delve, hangedman_spider_tarantella_strand
Spider:2: layout_spider_delve
Spider:3: layout_chambers, uniq_arachne
Spider:4: guppyfry_spider_rune
Slime:1:  layout_caves
Slime:2:  layout_caves
Slime:3:  layout_caves
Slime:4:  layout_caves
Slime:5:  slime_pit_nicolae_trefoil
Orc:1:    layout_diamond_mine, serial_shops, nicolae_shop_rolled_up,
          basic_altar, gammafunk_ghost_grave, nicolae_alphabet_shops, uniq_sonja
Orc:2:    st_orc_mages, layout_diamond_mine, serial_shops, freezing_bzr, shop,
          shop, shop, mines2_david
Elf:1:    minmay_elf_arrival_plus, layout_rooms, serial_shops, shop,
          hangedman_elven_crosses_minicolossus, minivault_8
Elf:2:    elven_hall_of_blades_hangedman_alternative
          [infiniplex_blade_entry_pillars], layout_gridlike
Elf:3:    minmay_elf_hall_not_hex, layout_geoelf_diagonals, serial_shops,
          nicolae_shop_industrial_runoff, nicolae_shop_i_like_small_books_too,
          uniq_donald
Vaults:1: nicolae_vaults_quadrants, nicolae_vaults_wrenched,
          nicolae_vaults_stairing_the_circle, nicolae_vaults_prndl,
          nicolae_vaults_oval_intersection, vaults_room_ringed_pool,
          nicolae_vaults_double_plus_2, nicolae_vaults_layer_cake_slice,
          grunt_vaults_swirl, vaults_standard_mumra_enter_the_diamond,
          nicolae_vaults_rhombus_5, nicolae_vaults_tetromino_L_1,
          nicolae_vaults_surprise_closet, layout_vaults_big_room,
          nicolae_trove_entry_crystal
Vaults:2: portal_desolation_entry_salt, vaults_room_fours,
          nicolae_vaults_mitosis, grunt_vaults_hallway_short,
          ontoclasm_vaults_spin, v_alt_pattern_6, nicolae_vaults_sightless_eye,
          nicolae_vaults_border_crossing, layout_vaults_omnigrid
Vaults:3: nicolae_vaults_prndl, nicolae_vaults_turnstiles,
          ontoclasm_vaults_tryst, minmay_crypt_entry_necro_gods,
          vaults_mumra_minichess_inversion, nicolae_vaults_storage_closets_2,
          v_misc_3, hangedman_vaults_slice, dpeg_vaults_monster_box,
          nicolae_vaults_double_plus_2, nicolae_vaults_layer_cake_slice,
          nicolae_vaults_trapezoid_lopsided_3, layout_vaults_omnibox, uniq_aizul
Vaults:4: nicolae_vaults_ring_of_whatevers, v_misc_10,
          nicolae_vaults_specimen_jars, nicolae_vaults_spaceships,
          nicolae_vaults_three_branches, nicolae_vaults_lightning_bolt,
          nicolae_vaults_security_offices_5, nicolae_vaults_yaktaur_gun_rack,
          vaults_mumra_minichess, vaults_room_pools,
          nicolae_vaults_taking_the_gang_shopping,
          nicolae_vaults_little_squares_5, nicolae_vaults_trapezoid_1,
          layout_vaults_ring
Depths:1: layout_gridlike, grunt_metal_band, kennysheep_big_empty_room,
          grunt_decor_mini_mirrors, amcnicky_mini_rare_corridor_liquid,
          ice2_lemuel, uniq_enchantress
Depths:2: evilmike_library_of_no_secrets, layout_gridlike, enter_ziggurat_f,
          hell_entry, rand_demon_pan_entry_8, infiniplex_staircase_zigzag_4
Depths:3: hellmonk_ruined_rings, layout_honeycomb, rand_demon_pan_entry_1,
          nicolae_figureground_sparkle, hell_entry,
          nicolae_abyss_entry_one_way_or_another, nicolae_letterblocks
          [nicolae_letter_subblock, nicolae_letter_subblock,
          nicolae_letter_subblock, nicolae_letter_subblock,
          nicolae_letter_subblock, nicolae_letter_subblock,
          nicolae_letter_subblock, nicolae_letter_subblock,
          nicolae_letter_subblock, nicolae_letter_subblock,
          nicolae_letter_subblock, nicolae_letter_subblock,
          nicolae_letter_subblock, nicolae_letter_subblock,
          nicolae_letter_subblock, nicolae_letter_subblock,
          nicolae_letter_subblock, nicolae_letter_subblock,
          nicolae_letter_subblock, nicolae_letter_subblock,
          nicolae_letter_subblock, nicolae_letter_subblock,
          nicolae_letter_subblock, nicolae_letter_subblock,
          nicolae_letter_subblock], infiniplex_staircase_river
Depths:4: grunt_zot_entry_hairpin, layout_gridlike, pan_entry,
          columned_hall_lemuel, hellmouth_1
Zot:1:    layout_cathedral_of_symmetry, grunt_megastairs_1
Zot:2:    circus_mu, layout_twisted_circle, uniq_josephina
Zot:3:    evilmike_crystal_ball_defense, layout_onion, uniq_tiamat
Zot:4:    layout_gridlike, basic_altar, grunt_megastairs_3
Zot:5:    layout_twisted_circle, hangedman_zot_decor_tridents

Skill      XL: |  1  2  3  4  5  6  7  8  9 10 11 12 13 14 15 16 17 18 19 20 21 22 23 24 |
---------------+-------------------------------------------------------------------------+-----
Unarmed Combat | 3 4 5 6 8 |  8.0
Fighting       | 3 4 6 8 10 11 12 14 16 18 20 21 23 24 25 | 25.9
Armour         | 3 4 6 8 10 13 15 16 18 19 20 | 20.8
Dodging        | 3 4 6 11 12 13 14 15 | 15.6
Axes           | 6 12 16 18 20 | 20.9
Throwing       | 8 9 12 | 12.0
Invocations    | 8 10 11 13 | 13.6
Shields        | 7 12 15 18 19 20 21 22 | 22.4
Evocations     | 9 10 | 10.0
Shapeshifting  | |  2.4

Action                     |  1- 3 |  4- 6 |  7- 9 | 10-12 | 13-15 | 16-18 | 19-21 | 22-24 || total
---------------------------+-------+-------+-------+-------+-------+-------+-------+-------++-------
  Melee: Unarmed           |    72 |   127 |   163 |       |       |       |       |       ||   362
         Headbutt          |     5 |    25 |    64 |   130 |   210 |   260 |   203 |   243 ||  1140
         Punch             |     2 |     1 |       |       |       |       |       |       ||     3
         War axe           |       |       |    69 |   111 |       |       |       |       ||   180
         Battleaxe         |       |       |       |    74 |       |       |       |       ||    74
         Broad axe         |       |       |       |   287 |   518 |  1079 |   810 |   624 ||  3318
         Executioner's axe |       |       |       |       |   297 |       |       |       ||   297
  Throw: Throwing net      |       |       |       |     1 |       |       |       |     1 ||     2
         Dart              |       |       |       |     1 |       |       |       |       ||     1
         Boomerang         |       |       |       |       |     1 |    35 |    16 |    19 ||    71
         Javelin           |       |       |       |       |       |       |       |     1 ||     1
 Invoke: Heroism           |       |       |       |     7 |     9 |     5 |    12 |     4 ||    37
         Finesse           |       |       |       |       |     2 |     1 |     3 |     3 ||     9
  Evoke: Wand              |       |       |     1 |     1 |     1 |       |       |       ||     3
         Tin of tremorston |       |       |       |       |       |     1 |       |       ||     1
    Use: Potion            |     1 |     1 |     1 |     2 |     9 |     1 |     4 |     4 ||    23
         Scroll            |       |     4 |     1 |     6 |    16 |     7 |     8 |    14 ||    56
   Stab: Petrified         |       |       |       |       |    10 |       |       |       ||    10
         Distracted        |       |       |       |       |       |       |     7 |    16 ||    23
         Held in net/web   |       |       |       |       |       |       |       |     1 ||     1
 Armour: Animal skin       |     9 |     6 |       |       |       |       |       |       ||    15
         Skin              |    29 |    20 |     9 |       |       |       |       |       ||    58
         Ring mail         |       |     8 |    16 |    13 |       |       |       |       ||    37
         Chain mail        |       |    20 |    57 |     6 |    99 |       |       |       ||   182
         Plate armour      |       |       |       |    36 |   240 |   500 |   314 |   152 ||  1242
         Swamp dragon scal |       |       |       |    54 |   127 |       |       |       ||   181
         Gold dragon scale |       |       |       |       |       |       |       |    16 ||    16
  Dodge: Dodged            |    39 |    52 |   107 |   316 |   482 |   274 |   310 |   181 ||  1761
         Repelled          |       |       |       |     3 |     5 |    16 |    15 |    18 ||    57
  Block: Kite shield       |       |       |       |       |    90 |       |   801 |   343 ||  1234
         Tower shield      |       |       |       |       |    15 |  1233 |    69 |    92 ||  1409
         Reflection        |       |       |       |       |     4 |    90 |    83 |    11 ||   188
         Form:             |       |       |       |     1 |       |       |       |       ||     1

Table legend: (Time is in decaauts)
 A = Elapsed time spent in this place.
 B = Non-inter-level travel time spent in this place.
 C = Inter-level travel time spent in this place.
 D = Time resting spent in this place.
 E = Time spent auto-exploring this place.
 F = Levels seen in this place.
 G = Mean time per level.
                   A        B        C        D        E       F      G
               +--------+--------+--------+--------+--------+-----+--------+
         Total |  65067 |  57946 |   7121 |  15173 |  31605 |  55 | 1183.0 |
       Dungeon |  21710 |  18442 |   3268 |   5298 |   9934 |  15 | 1447.3 |
        Temple |     40 |     40 |      0 |      0 |      0 |   1 |   40.0 |
          Lair |   7980 |   6758 |   1222 |   1811 |   3944 |   5 | 1596.0 |
        Shoals |   5567 |   5166 |    401 |   1270 |   2888 |   4 | 1391.8 |
   Spider Nest |   5269 |   5083 |    186 |   1408 |   2705 |   4 | 1317.2 |
    Slime Pits |   1727 |   1629 |     98 |    690 |    548 |   5 |  345.4 |
  Orcish Mines |   2806 |   2338 |    468 |    909 |    729 |   2 | 1403.0 |
   Elven Halls |   3808 |   3579 |    229 |    764 |   2019 |   3 | 1269.3 |
        Vaults |   5205 |   4887 |    318 |    188 |   3732 |   4 | 1301.2 |
        Depths |   6555 |   5713 |    842 |    858 |   4033 |   4 | 1638.8 |
           Zot |   2817 |   2735 |     82 |   1612 |    312 |   5 |  563.4 |
        Bazaar |    223 |    223 |      0 |      0 |    158 |   1 |  223.0 |
      Ice Cave |    918 |    918 |      0 |    150 |    502 |   1 |  918.0 |
       Volcano |    435 |    435 |      0 |    212 |    100 |   1 |  435.0 |
               +--------+--------+--------+--------+--------+-----+--------+

Top non-repeatable levels by time:
    D:11: 2699 daAuts
     D:9: 2364 daAuts
Spider:3: 2255 daAuts
    D:15: 2175 daAuts
  Lair:5: 2112 daAuts
     D:8: 2100 daAuts
Depths:4: 2078 daAuts
   Orc:2: 2030 daAuts
  Lair:4: 1889 daAuts
   Elf:3: 1845 daAuts
Depths:2: 1732 daAuts
Shoals:4: 1713 daAuts
     D:5: 1689 daAuts
    D:14: 1674 daAuts
   Zot:5: 1649 daAuts
